 Dungeon Crawl Stone Soup version 0.31-a0-150-g89dc3ad700 (webtiles) character file.

Game seed: 8506254747181490520

13 omnomnOMINOUS the Digger (level 2, 0/18 HPs)
             Began as an Octopode Wanderer on June 8, 2023.
             Slain by a kobold
             ... wielding a +0 whip
              (3 damage)
             ... on level 1 of the Dungeon.
             The game lasted 00:02:41 (330 turns).

omnomnOMINOUS the Digger (Octopode Wanderer)         Turns: 330, Time: 00:02:42

Health: 0/18       AC:  1    Str:  8    XL:     2   Next: 37%
Magic:  5/5        EV: 12    Int: 19    God:
Gold:   10         SH:  0    Dex:  9    Spells: 3/5 levels left

rFire   . . .        b - +0 mace (holy)
rCold   . . .        (no shield)
rNeg    . . .        c - +0 hat
rPois   .            (no amulet)
rElec   .            (no ring)
rCorr   .            (no ring)
SInv    .            (no ring)
Will    .....        (no ring)
Stlth   ++           (no ring)
HPRegen 0.23/turn    (no ring)
MPRegen 0.09/turn    (no ring)
                     (no ring)

%: no passive effects
@: no status effects
A: almost no armour, amphibious, 8 rings, camouflage 1, gelatinous body 1,
(nimble swimmer 1), tentacles
a: no special abilities


You were on level 1 of the Dungeon.
You visited 1 branch of the dungeon, and saw 1 of its levels.

You collected 10 gold pieces.

Inventory:

Hand Weapons
 a - a +0 dagger
 b - a +0 mace of holy wrath (weapon)
Armour
 c - a +0 hat (worn)
Scrolls
 d - 2 scrolls of identify {unknown}
 e - a scroll of brand weapon {unknown}
 h - a scroll of fog {unknown}
Potions
 f - a potion of curing {unknown}
 g - a potion of lignification


   Skills:
 + Level 1.5 Fighting
 + Level 1.5 Dodging
 - Level 2.0 Spellcasting
 + Level 1.5 Summonings
 - Level 5.0 Earth Magic


You had 3 spell levels left.
You knew the following spells:

 Your Spells              Type           Power      Damage    Failure   Level
a - Passwall              Tmut/Erth      9%         N/A       9%          2

Your spell library contained the following spells:

 Spells                   Type           Power      Damage    Failure   Level
 Sandblast                Erth           40%        2d10      2%          1
 Summon Small Mammal      Summ           28%        N/A       9%          1
 Call Canine Familiar     Summ           7%         N/A       26%         3
 Petrify                  Tmut/Erth      11%        N/A       52%         4


Dungeon Overview and Level Annotations

Branches:
Dungeon (1/15)

Altars:


Innate Abilities, Weirdness & Mutations

You cannot wear most types of armour.
You are amphibious.
You can wear up to eight rings at the same time.
Your skin changes colour to match your surroundings (Stealth+).
Your rubbery body absorbs attacks. (AC +1, EV +1)
((You are camouflaged when in or above water. (Stealth+)))
You have tentacles for arms and can constrict up to eight enemies at once.


Message History

No target in view!
No target in view!
You open the door.
There is an open door here.
There is an open door here.
There is an open door here.
There is an open door here.
You open the door.
There is an open door here.
There is an open door here.
You open the door.
There is an open door here.
A kobold comes into view. It is wielding a +0 whip.
Found a metallic ruby potion.
The kobold shouts!
The kobold throws a stone.
The stone hits you.
A hobgoblin comes into view.
Found a scroll labelled HAIN OCAUL.
A quokka comes into view.
You hit the hobgoblin. Your grab misses the hobgoblin.
The hobgoblin is heavily wounded.
The kobold closely misses you. The hobgoblin barely misses you.
You closely miss the hobgoblin. You grab the hobgoblin.
The hobgoblin is heavily wounded.
You constrict the hobgoblin, but do no damage.
The kobold hits you with a +0 whip. The hobgoblin closely misses you.
You hit the hobgoblin.
You kill the hobgoblin!
The kobold hits you with a +0 whip. x2
* * * LOW HITPOINT WARNING * * *
You are too injured to fight recklessly!
You are too injured to fight recklessly!
You are too injured to fight recklessly!
You are too injured to fight recklessly!
Unknown command.
You barely miss the kobold. Your grab misses the kobold. The kobold misses you.
The quokka misses you.
You closely miss the quokka. Your grab misses the quokka.
Your squeeze misses the quokka. The kobold hits you with a +0 whip.
You die...

#.###.#.### #?... #.#
#.#..#
#....#######'###.##.##
#....#....?...........
#....#.........#.....#
#....#.........#.....#
#....#.........#.....#
#....#.........#.....#
#...†@.........#.).†.#
##..rK...............#
#.....######........#
........# #........#
..!....... #........#
........... ##########
.....###... .....
#...#


You could see a quokka and a kobold.

Vanquished Creatures
  2 endoplasms (D:1)
  A goblin (D:1)
  3 hobgoblins (D:1)
  3 bats (D:1)
  2 frilled lizards (D:1)
  A rat (D:1)
12 creatures vanquished.

Notes
Turn   | Place    | Note
-------+----------+-------------------------------------------
     0 | D:1      | omnomnOMINOUS the Octopode Wanderer began the quest for the
                  | Orb.
     0 | D:1      | omnomnOMINOUS set off with the following items: a +0
                  | dagger, a potion of lignification, a +0 hat; and the
                  | following spells available to memorise: Sandblast,
                  | Passwall, Summon Small Mammal, Call Canine Familiar,
                  | Petrify.
     0 | D:1      | Reached XP level 1. HP: 13/13 MP: 3/3
   185 | D:1      | Reached XP level 2. HP: 18/18 MP: 5/5
   211 | D:1      | Learned a level 2 spell: Passwall
   330 | D:1      | Slain by a kobold

Illustrated notes

Levels and vault maps discovered:
D:1:      dpeg_arrival_renting, layout_basic

Action                     || total
---------------------------++-------
  Melee: Dagger            ||    30
         Constrict         ||     9
         Tentacles         ||     3
         Mace              ||     9
   Stab: Sleeping          ||     1
 Armour: Skin              ||    15
  Dodge: Dodged            ||    42

Table legend: (Time is in decaauts)
 A = Elapsed time spent in this place.
 B = Non-inter-level travel time spent in this place.
 C = Inter-level travel time spent in this place.
 D = Time resting spent in this place.
 E = Time spent auto-exploring this place.
 F = Levels seen in this place.
 G = Mean time per level.
                   A        B        C        D        E       F      G
               +--------+--------+--------+--------+--------+-----+--------+
         Total |    332 |    332 |      0 |      0 |    214 |   1 |  332.0 |
       Dungeon |    332 |    332 |      0 |      0 |    214 |   1 |  332.0 |
               +--------+--------+--------+--------+--------+-----+--------+

Top non-repeatable levels by time:
     D:1: 332 daAuts
